 Dungeon Crawl Stone Soup version 0.28-a0-1389-gc726bef33b (webtiles) character file.

Game seed: 16903171598688192755

3934 SensoryNuts the Blocker (level 10, 0/77 HPs)
             Began as a Demonspawn Fighter on Jan 3, 2022.
             Was an Elder of Cheibriados.
             Killed from afar by an electric eel (4 damage)
             ... with a bolt of electricity
             ... on level 7 of the Dungeon.
             The game lasted 00:09:30 (6685 turns).

SensoryNuts the Blocker (Demonspawn Fighter)        Turns: 6685, Time: 00:09:30

Health: 0/77       AC: 17    Str: 31    XL:     10   Next: 1%
Magic:  10/10      EV:  6    Int: 19    God:    Cheibriados [****..]
Gold:   407        SH: 25    Dex: 31    Spells: 9/9 levels left

rFire   . . .      SeeInvis .   a - +1 long sword (vamp)
rCold   . . .      Faith    .   e - +0 tower shield
rNeg    . . .      Spirit   .   k - +0 plate armour
rPois   +          Reflect  +   z - +0 helmet
rElec   .          Harm     .   (no cloak)
rCorr   +          Rampage  .   s - +0 pair of gloves of Xuiqah {rPois rCorr Dex+2}
Will    .....                   (no boots)
Stlth   ..........              l - amulet of reflection
HPRegen 0.22/turn               o - ring of poison resistance
MPRegen 0.12/turn               y - +6 ring of dexterity

@: about to teleport, studying Dodging, very slow
A: rugged brown scales 2, spiny 2, weakness stinger 2
a: Renounce Religion, Bend Time, Temporal Distortion, Slouch


You were on level 7 of the Dungeon.
You worshipped Cheibriados.
Cheibriados was greatly pleased with you.
You visited 1 branch of the dungeon, and saw 7 of its levels.

You collected 407 gold pieces.

Inventory:

Hand Weapons
 a - a +1 vampiric long sword (weapon)
Missiles
 j - 2 throwing nets (quivered)
Armour
 b - a +0 scale mail
 c - a +0 buckler
 e - a +0 tower shield (worn)
 k - a +0 plate armour (worn)
 m - a +1 pair of gloves
 s - the +0 pair of gloves of Xuiqah (worn) {rPois rCorr Dex+2}
   (You found it on level 4 of the Dungeon)

   Dex:       It affects your dexterity (+2).
   rPois:     It protects you from poison.
   rCorr:     It protects you from acid and corrosion.
 z - a +0 helmet (worn)
Jewellery
 l - an amulet of reflection (around neck)
 n - a ring of protection from cold
 o - a ring of poison resistance (left hand)
 p - an amulet of the acrobat
 y - a +6 ring of dexterity (right hand)
Wands
 d - a wand of paralysis (5)
 q - a wand of mindburst (21)
 C - a wand of polymorph (7)
Scrolls
 f - a scroll of silence
 g - a scroll of torment
 i - a scroll of amnesia
 r - 2 scrolls of immolation
 t - a scroll of teleportation
 u - a scroll of noise
 x - a scroll of fog
 B - a scroll of identify
Potions
 h - 3 potions of degeneration
 w - 2 potions of ambrosia
 A - 2 potions of brilliance
 D - 2 potions of haste {unknown}


   Skills:
 + Level 5.1 Fighting
 + Level 7.8 Long Blades
 + Level 6.7 Armour
 + Level 2.1 Dodging
 + Level 0.7 Stealth
 + Level 8.2 Shields


You had 9 spell levels left.
You didn't know any spells.
Your spell library contained the following spells:

 Spells                   Type           Power      Damage    Failure   Level
 Animate Skeleton         Necr           0%         N/A       100%        1
 Apportation              Tloc           0%         N/A       100%        1
 Summon Small Mammal      Summ           0%         N/A       100%        1
 Ozocubu's Armour         Ice            0%         N/A       100%        3
 Olgreb's Toxic Radiance  Pois           0%         N/A       100%        4
 Alistair's Intoxication  Tmut/Pois      0%         N/A       100%        5
 Metabolic Englaciation   Hex/Ice        0%         N/A       100%        5
 Simulacrum               Ice/Necr       0%         N/A       100%        6
 Ozocubu's Refrigeration  Ice            0%         4d5       100%        7
 Ignition                 Fire           0%         3d3       100%        8


Dungeon Overview and Level Annotations

Branches:
Dungeon (7/15)             Temple (0/1) D:5

Altars:
Ashenzari
Cheibriados
Hepliaklqana
Kikubaaqudgha
Okawaru
Sif Muna
The Shining One

Shops:
D:5 [


Innate Abilities, Weirdness & Mutations

You are mostly covered in rugged brown scales. (AC +2, +5% HP)
You are mostly covered in sharp spines.
You have a tail ending in a sharp stinger.


Message History

The bolt of electricity hits you.
* * * LOW HITPOINT WARNING * * *
Your unstable footing causes you to fumble your attack.
The electric eel shoots out a bolt of lightning at you!
The bolt of electricity hits you!
* * * LOW HITPOINT WARNING * * *
You feel much better.
Your unstable footing causes you to fumble your attack.
The electric eel shoots out a bolt of lightning at you!
The bolt of electricity misses you.
Your unstable footing causes you to fumble your attack.
You closely miss the electric eel.
The electric eel is almost dead.
The electric eel shoots out a bolt of lightning at you!
The bolt of electricity hits you!
You miss the electric eel.
The electric eel is almost dead.
The electric eel shoots out a bolt of lightning at you!
The bolt of electricity misses you.
You barely miss the electric eel.
The electric eel is almost dead.
You miss the electric eel.
The electric eel is almost dead.
The electric eel shoots out a bolt of lightning at you!
The bolt of electricity hits you!
* * * LOW HITPOINT WARNING * * *
You closely miss the electric eel.
Your tail-slap misses the electric eel.
The electric eel is almost dead.
The electric eel shoots out a bolt of lightning at you!
The bolt of electricity hits you!
* * * LOW HITPOINT WARNING * * *
As you read the scroll of teleportation, it crumbles to dust.
You feel strangely unstable.
The electric eel shoots out a bolt of lightning at you!
The bolt of electricity hits you!
* * * LOW HITPOINT WARNING * * *
Your unstable footing causes you to fumble your attack.
The electric eel shoots out a bolt of lightning at you!
The bolt of electricity hits you.
You die...

##.... ≈≈≈≈.≈≈≈≈....##
#..... ≈≈≈≈.≈≈≈≈.......
#..... .....≈≈≈≈.......
#.#... ≈≈≈............
#.#.#..> ≈≈≈.≈≈≈≈≈....#
#.#.#...
≈≈≈.≈≈≈≈≈....####.#....(
≈≈≈.≈≈≈≈≈....#.......###
≈≈≈.≈≈≈@S.# #.#......##
..........## #.#.......#
..###......# #.#.......#
##.....###..........
#..................
#.....###..........
#.###..# #.#.......# #.
#... #.#.......# ..
#....#......####


You could see an electric eel.

Vanquished Creatures
  A two-headed ogre (D:5)
  A hornet (D:7)
  Prince Ribbit (D:7)
  Sigmund (D:2)
  3 yaks (D:5)
  2 humans (D:7)
  A water moccasin (D:7)
  3 sky beasts
  An ogre (D:6)
  A necrophage (D:7)
  A centaur (D:4)
  The ghost of rogsnak the Gusty, an amateur DsAE (D:3)
  A phantom (D:4)
  A bullfrog (D:7)
  4 scorpions
  A wyvern zombie (D:7)
  5 killer bees (D:4)
  A jelly (D:6)
  Crazy Yiuf (D:5)
  A bullfrog zombie (D:6)
  6 hounds
  2 bullfrog skeletons (D:6)
  4 iguanas
  A gnoll shaman (D:3)
  2 orc wizards (D:5)
  A howler monkey zombie (D:6)
  6 gnolls (D:3)
  A howler monkey skeleton (D:6)
  7 adders
  A shadow imp (D:6)
  A white imp (D:3)
  An ufetubus (D:5)
  3 adder skeletons (D:4)
  2 worms
  5 dart slugs
  11 orcs
  4 ball pythons
  4 endoplasms
  2 giant cockroaches
  3 goblins
  7 hobgoblins
  3 jackals (D:1)
  7 quokkas
  5 bats
  3 frilled lizards
  6 kobolds
  5 rats
135 creatures vanquished.

Vanquished Creatures (others)
  2 shadow imps (D:7)
  6 plants (D:3)
  5 toadstools (D:1)
13 creatures vanquished.

Grand Total: 148 creatures vanquished

Notes
Turn   | Place    | Note
-------+----------+-------------------------------------------
     0 | D:1      | SensoryNuts the Demonspawn Fighter began the quest for the
                  | Orb.
     0 | D:1      | Reached XP level 1. HP: 18/18 MP: 1/1
   121 | D:1      | Found a faded altar of an unknown god.
   505 | D:1      | Gained mutation: You are partially covered in sharp spines.
                  | [demonic ancestry]
   505 | D:1      | Reached XP level 2. HP: 21/24 MP: 2/2
   883 | D:1      | Prayed at the altar of an unknown god.
   883 | D:1      | Became a worshipper of Cheibriados the Contemplative
   883 | D:1      | Reached * piety under Cheibriados
  1060 | D:2      | Reached skill level 3 in Shields
  1060 | D:2      | Reached XP level 3. HP: 29/29 MP: 3/3
  1376 | D:2      | Noticed Sigmund
  1392 | D:2      | Killed Sigmund
  1393 | D:2      | Reached skill level 1 in Dodging
  1393 | D:2      | Reached XP level 4. HP: 4/35 MP: 4/4
  1393 | D:2      | Gained mutation: You are partially covered in rugged brown
                  | scales. (AC +1, +3% HP) [demonic ancestry]
  1393 | D:2      | Reached XP level 5. HP: 4/42 MP: 5/5
  2169 | D:3      | Reached ** piety under Cheibriados
  2377 | D:3      | Gained mutation: You have a small tail. [demonic ancestry]
  2377 | D:3      | Reached XP level 6. HP: 39/48 MP: 6/6
  2454 | D:3      | Found a broken altar of Ashenzari.
  2459 | D:3      | Found a transporter.
  2490 | D:3      | Found an ancient bone altar of Kikubaaqudgha.
  2557 | D:3      | Noticed rogsnak's ghost (amateur DsAE)
  2571 | D:3      | Found a transporter.
  2858 | D:3      | Killed rogsnak's ghost
  2859 | D:3      | Reached skill level 4 in Shields
  3189 | D:3      | Paralysed by a gnoll for 2 turns
  3363 | D:4      | Reached XP level 7. HP: 53/53 MP: 7/7
  3390 | D:4      | Reached *** piety under Cheibriados
  3547 | D:4      | Identified the +0 pair of gloves of Xuiqah {rPois rCorr
                  | Dex+2}
  3722 | D:4      | Reached skill level 5 in Shields
  3748 | D:4      | Reached skill level 5 in Long Blades
  3755 | D:4      | Reached skill level 5 in Armour
  4020 | D:4      | Gained mutation: You are mostly covered in sharp spines.
                  | [demonic ancestry]
  4020 | D:4      | Reached XP level 8. HP: 54/61 MP: 8/8
  4172 | D:5      | Entered Level 5 of the Dungeon
  4258 | D:5      | Reached skill level 6 in Shields
  4287 | D:5      | Reached **** piety under Cheibriados
  4360 | D:5      | Found a shimmering blue altar of Sif Muna.
  4386 | D:5      | Found a hazy altar of Hepliaklqana.
  4439 | D:5      | Found a staircase to the Ecumenical Temple.
  4522 | D:5      | Found a runed translucent door.
  4523 | D:5      | Noticed Crazy Yiuf
  4652 | D:5      | Found Gamuipsaw's Armour Shop.
  4809 | D:5      | Killed Crazy Yiuf
  5121 | D:6      | Noticed a two-headed ogre
  5123 | D:6      | Gained mutation: You are mostly covered in rugged brown
                  | scales. (AC +2, +5% HP) [demonic ancestry]
  5123 | D:6      | Reached XP level 9. HP: 46/69 MP: 9/9
  5132 | D:5      | Killed a two-headed ogre
  5133 | D:5      | Reached skill level 7 in Shields
  5743 | D:7      | Found an iron altar of Okawaru.
  5988 | D:7      | Noticed Prince Ribbit
  5997 | D:7      | Reached skill level 8 in Shields
  6001 | D:7      | Killed Prince Ribbit
  6002 | D:7      | Reached skill level 5 in Fighting
  6203 | D:7      | Gained mutation: You have a tail ending in a sharp stinger.
                  | [demonic ancestry]
  6203 | D:7      | Reached XP level 10. HP: 77/77 MP: 10/10
  6685 | D:7      | Killed from afar by an electric eel

Illustrated notes

Levels and vault maps discovered:
D:1:      ldierk_walled_garden, layout_basic, ebering_ecumenical_altar_rust
D:2:      layout_loops_ring, uniq_sigmund
D:3:      layout_rooms, mainiacjoe_overflow_boulevard, ashenzari_altar_1,
          gammafunk_ghost_gnarly_gnolls, amcnicky_mini_rare_corridor_liquid
D:4:      layout_gridville, tso_metal_star
D:5:      layout_cave_pools, nicolae_overflow_hidden_temple,
          lemuel_doored_altar, minmay_temple_entry_glass, nicolae_stop_n_shop_1,
          uniq_crazy_yiuf_cottage
D:6:      layout_rooms, hangedman_abyss_or_decor_slice,
          kennysheep_decorative_pillar, hangedman_decor_riveting
D:7:      layout_loops_cross, okawaru_humans, minivault_14,
          hellmonk_guarded_unrand_lears, uniq_prince_ribbit1

Skill      XL: |  1  2  3  4  5  6  7  8  9 |
---------------+----------------------------+-----
Armour         | 3 4 5 6 |  6.7
Long Blades    | 2 3 4 5 6 7 |  7.8
Shields        | 3 4 5 6 8 |  8.2
Dodging        | 1 2 |  2.1
Fighting       | 4 5 |  5.1
Stealth        | |  0.7

Action                   |  1- 3 |  4- 6 |  7- 9 | 10-12 || total
-------------------------+-------+-------+-------+-------++-------
Melee: Long sword        |    85 |    86 |   201 |    21 ||   393
       Tailslap          |       |     7 |    53 |     1 ||    61
  Use: Scroll            |     3 |     3 |     7 |     1 ||    14
       Potion            |     1 |     5 |     7 |     1 ||    14
Armor: Scale mail        |    26 |       |       |       ||    26
       Plate armour      |    19 |    43 |    56 |     3 ||   121
Dodge: Dodged            |    37 |     5 |    21 |     4 ||    67
Block: Buckler           |    15 |       |       |       ||    15
       Tower shield      |    28 |   127 |   294 |    13 ||   462
       Reflection        |       |     4 |     5 |       ||     9

Table legend: (Time is in decaauts)
 A = Elapsed time spent in this place.
 B = Non-inter-level travel time spent in this place.
 C = Inter-level travel time spent in this place.
 D = Time resting spent in this place.
 E = Time spent auto-exploring this place.
 F = Levels seen in this place.
 G = Mean time per level.
                   A        B        C        D        E       F      G
               +--------+--------+--------+--------+--------+-----+--------+
         Total |   8689 |   8249 |    440 |    981 |   5702 |   7 | 1241.3 |
       Dungeon |   8689 |   8249 |    440 |    981 |   5702 |   7 | 1241.3 |
               +--------+--------+--------+--------+--------+-----+--------+

Top non-repeatable levels by time:
     D:2: 1590 daAuts
     D:3: 1541 daAuts
     D:5: 1490 daAuts
     D:7: 1308 daAuts
     D:4: 1151 daAuts
     D:1: 907 daAuts
     D:6: 699 daAuts
